 Dungeon Crawl Stone Soup version 0.31.0-11-ge490571c62 (webtiles) character file.

Game seed: 11467128807375462180

2082 Arctor the Magician (level 9, 0/67 HPs)
             Began as a Deep Elf Fire Elementalist on Feb 3, 2024.
             Was a Follower of Vehumet.
             Shot with an arrow by a centaur (1 damage)
             ... on level 8 of the Dungeon.
             The game lasted 00:08:32 (9022 turns).

Arctor the Magician (Deep Elf Fire Elementalist)    Turns: 9022, Time: 00:08:33

Health: 0/67       AC:  7    Str:  4 (5)  XL:     9   Next: 6%
Magic:  4/22       EV: 15    Int: 24 (25) God:    Vehumet [*.....]
Gold:   265        SH:  0    Dex: 16 (19) Spells: 20/23 levels left

rFire   + + .        (no weapon)
rCold   + + .        (no shield)
rNeg    . . .        a - +0 robe
rPois   +            B - +2 helmet of Failure {rF+ rC+ rCorr Dex+4}
rElec   +            A - +0 cloak
rCorr   +            k - +0 pair of gloves
SInv    .            (no boots)
Will    +....        (no amulet) Stlth
                     g - ring of willpower
HPRegen 0.31/turn    (no ring)
MPRegen 0.18/turn

%: no passive effects
@: mighty, berserking, resistant (expiring), slowed
A: no striking features
a: Renounce Religion


You were on level 8 of the Dungeon.
You worshipped Vehumet.
Vehumet was aware of your devotion.
You visited 1 branch of the dungeon, and saw 9 of its levels.

You collected 265 gold pieces.

Inventory:

Hand Weapons
 u - a +0 mace
Armour
 a - a +0 robe (worn)
 h - a +0 helmet
 k - a +0 pair of gloves (worn)
 A - a +0 cloak (worn)
 B - the +2 helmet of Failure (worn) {rF+ rC+ rCorr Dex+4}
   (You found it on level 4 of the Dungeon)

   Dex+4:     It affects your dexterity (+4).
   rF+:       It protects you from fire.
   rC+:       It protects you from cold.
   rCorr:     It protects you from acid and corrosion.
Jewellery
 g - a ring of willpower (left hand)
Wands
 q - a wand of roots (4)
 v - a wand of polymorph (10)
Scrolls
 e - 4 scrolls of teleportation
 m - a scroll of butterflies
 n - a scroll of immolation
 p - a scroll of identify
 t - a scroll of fog
 x - 2 scrolls of silence
 z - a scroll of poison
Potions
 b - 2 potions of magic
 c - 4 potions of berserk rage
 d - 3 potions of mutation {unknown}
 f - 2 potions of haste {unknown}
 i - 3 potions of heal wounds {unknown}
 l - 3 potions of curing {unknown}
 o - a potion of enlightenment {unknown}
 s - 4 potions of attraction {unknown}
 w - a potion of degeneration


   Skills:
 + Level 6.7 Dodging
 + Level 7.4 Stealth
 + Level 7.5 Spellcasting
 + Level 5.8 Conjurations
 + Level 6.7 Fire Magic


You had 20 spell levels left.
You knew the following spells:

 Your Spells              Type           Power      Damage    Failure   Level
a - Foxfire               Conj/Fire      100%       2x1d9     1%          1
b - Scorch                Fire           82%        2d8       1%          2

Your spell library contained the following spells:

 Spells                   Type           Power      Damage    Failure   Level
 Kiss of Death            Conj/Necr      92%        2d12      1%          1
 Static Discharge         Conj/Air       46%        3-5/arc   3%          2
 Inner Flame              Hex/Fire       25%        N/A       4%          3
 Volatile Blastmotes      Fire/Tloc      50%        2d14      4%          3
 Flame Wave               Conj/Fire      39%        2d11      4%          4
 Dazzling Flash           Conj/Hex       46%        N/A       6%          3
 Hailstorm                Conj/Ice       23%        3d7       6%          3
 Stone Arrow              Conj/Erth      46%        3d9       6%          3
 Freeze                   Ice            36%        1d5       7%          1
 Mephitic Cloud           Conj/Alch/Air  18%        N/A       9%          3
 Frozen Ramparts          Ice            18%        1d3       21%         3
 Airstrike                Air            4%         2d(1-17)  56%         4
 Animate Armour           Summ/Erth      18%        N/A       56%         4
 Summon Lightning Spire   Summ/Air       9%         N/A       56%         4
 Curse of Agony           Necr           9%         N/A       88%         5
 Silence                  Hex/Air        4%         N/A       88%         5
 Lehudib's Crystal Spear  Conj/Erth      11%        10d4      100%        8


Dungeon Overview and Level Annotations

Branches:
Dungeon (9/15)             Temple (0/1) D:7            Lair (0/5) D:8
    Orc: D:9-12

Altars:
Gozag
Hepliaklqana
Kikubaaqudgha
Nemelex Xobeh
Qazlal
Uskayaw
Vehumet
Wu Jian
Zin

Annotations:
D:6 Jeremiah


Message History

You are poisoned.
You have difficulty breathing.
You feel yourself slow down.
You feel very sick.
Casting: Foxfire (safe; 1% risk of failure)
Confirm with . or Enter, or press ? or * to list all spells.
You conjure some foxfire!
You feel very sick. The orc hits you with a +0 short sword.
* * * LOW HITPOINT WARNING * * *
Your foxfire dissipates!
* * * LOW HITPOINT WARNING * * *
You feel sick.
The foxfire hits the orc!
You kill the orc!
Vehumet accepts your kill.
It was a potion of berserk rage.
A red film seems to cover your vision as you go berserk!
You feel yourself moving faster!
You feel mighty!
You feel sick.
You are too berserk!
You are too berserk!
You closely miss the kobold brigand.
You start to feel less resistant.
You feel sick.
The kobold brigand hits you with a +0 dagger.
* * * LOW HITPOINT WARNING * * *
You closely miss the kobold brigand.
* * * LOW HITPOINT WARNING * * *
You feel sick.
The kobold brigand hits you but does no damage.
Unknown command.
You are too berserk!
You are too berserk!
A centaur comes into view.
Found a staircase to the Lair.
* * * LOW HITPOINT WARNING * * *
You feel sick.
You are no longer poisoned.
The centaur shouts!
The centaur wields a +0 orcbow.
The centaur shoots an arrow.
The arrow hits you.
You die...

...##c# ... #
......# #.# #≈
.>...≈# #g. #.
......# #g#
#.# ...##.#
#g#
##..#...#..###
#o#
#.#...≈...#...
#.#
#...@###....#
#g#
#...........#
#o##
####.K..#####
#.o. #..
####).# ###.
#.. ##.##
#.####> ...
#..# #......
#.#
##K#########..
#.#
#.........#..
#.#
####.####.#..


You could see 2 kobold brigands and a centaur.

Vanquished Creatures
  Eustachio (D:5)
  A steam dragon (D:8)
  3 ice beasts
  A sky beast (D:7)
  An ogre (D:5)
  A phantom (D:5)
  A centaur (D:9)
  A bullfrog (D:7)
  Blork the orc (D:5)
  4 scorpions
  4 wights (D:6)
  2 howler monkeys
  A bombardier beetle (D:4)
  A jelly (D:7)
  A sleepcap (D:4)
  3 iguanas
  11 orc wizards
  3 adders (D:2)
  A shadow imp (D:6)
  A white imp (D:7)
  2 ufetubi (D:5)
  26 orcs
  2 bats
  7 endoplasms
  A giant cockroach (D:3)
  4 goblins
  2 hobgoblins
  3 jackals (D:3)
  5 kobolds
  4 quokkas
  8 ball pythons
  2 frilled lizards (D:2)
  9 rats
118 creatures vanquished.

Vanquished Creatures (others)
  834 foxfires
834 creatures vanquished.

Grand Total: 952 creatures vanquished

Notes
Turn   | Place    | Note
-------+----------+-------------------------------------------
     0 | D:1      | Arctor the Deep Elf Fire Elementalist began the quest for
                  | the Orb.
     0 | D:1      | Reached XP level 1. HP: 10/10 MP: 6/6
   857 | D:1      | Reached XP level 2. HP: 14/15 MP: 5/8
  1381 | D:2      | Learned a level 2 spell: Scorch
  1631 | D:2      | Reached XP level 3. HP: 19/19 MP: 5/10
  2594 | D:3      | Reached XP level 4. HP: 20/24 MP: 3/11
  3199 | D:3      | Found a hide-covered altar of Uskayaw.
  3511 | D:4      | Noticed a scorpion
  3515 | D:4      | Killed a scorpion
  3516 | D:4      | Reached XP level 5. HP: 28/28 MP: 8/13
  3794 | D:4      | Found a sparkling altar of Nemelex Xobeh.
  4078 | D:4      | Found a radiant altar of Vehumet.
  4099 | D:4      | Became a worshipper of Vehumet
  4231 | D:4      | Identified the +2 helmet of Failure {rF+ rC+ rCorr Dex+4}
  4292 | D:4      | Found an opulent altar of Gozag.
  4379 | D:4      | Reached XP level 6. HP: 32/32 MP: 9/14
  4753 | D:4      | Found an ancient bone altar of Kikubaaqudgha.
  4790 | D:5      | Entered Level 5 of the Dungeon
  4964 | D:5      | Noticed Eustachio
  4976 | D:5      | Killed Eustachio
  4977 | D:5      | Reached skill level 5 in Spellcasting
  5083 | D:5      | Noticed an ice beast
  5093 | D:5      | Killed an ice beast
  5094 | D:5      | Reached skill level 5 in Stealth
  5094 | D:5      | Reached XP level 7. HP: 36/36 MP: 8/17
  5180 | D:5      | Reached skill level 5 in Fire Magic
  5886 | D:5      | Reached skill level 5 in Dodging
  5891 | D:5      | Noticed Blork the orc
  5894 | D:5      | Killed Blork the orc
  6566 | D:6      | Reached XP level 8. HP: 41/41 MP: 13/19
  6847 | D:6      | Reached * piety under Vehumet
  6847 | D:6      | Offered knowledge of Kiss of Death by Vehumet.
  6963 | D:6      | Noticed Jeremiah
  7202 | D:6      | Found an ornate altar of the Wu Jian Council.
  7205 | D:6      | Found a glowing silver altar of Zin.
  7207 | D:6      | Found a hazy altar of Hepliaklqana.
  7781 | D:7      | Reached skill level 5 in Conjurations
  8047 | D:7      | Found a staircase to the Ecumenical Temple.
  8913 | D:9      | Found a stormy altar of Qazlal.
  8918 | D:9      | Reached XP level 9. HP: 14/45 MP: 9/22
  8959 | D:9      | Noticed a troll
  9020 | D:8      | HP: 2/67 [kobold brigand/+0 dagger (3)]
  9022 | D:8      | Found a staircase to the Lair.
  9022 | D:8      | Shot with an arrow by a centaur

Illustrated notes

Levels and vault maps discovered:
D:1:      minmay_arrival_checkered_box, layout_loops_ring,
          serial_co_window_serial, co_window_corner_a, co_window_paths_a,
          co_window_corner_a, co_window_corner_a, co_window_corner_a,
          co_window_corner_a, co_window_paths_a, co_window_unsneaky_path_c,
          co_window_of_opportunity_c, co_window_broadway_b, co_window_paths_d
D:2:      layout_rooms, st_stairs_14, item_on_display_a
D:3:      layout_basic, mainiacjoe_overflow_24_doors,
          chequers_serial_rivers_micro_c, hex_intersection
D:4:      layout_cave_pods, kennysheep_mini_moat, mainiacjoe_overflow_catwalk,
          nicolae_overflow_crystal_walls, mainiacjoe_overflow_small_starburst
D:5:      layout_loops_ring, grunt_ministairs_12, minmay_stone_trees_large,
          uniq_blork_the_orc, uniq_eustachio
D:6:      layout_basic, grunt_temple_overflow_diamond, uniq_jeremiah
D:7:      layout_loops_cross, minmay_temple_entry_large_hall
D:8:      layout_loops_ring, dpeg_oklobed_lair, uniq_prince_ribbit1
D:9:      layout_rooms, nicolae_qazlal_general_emergency, gammafunk_ghost_icy,
          uniq_harold

Skill      XL: |  1  2  3  4  5  6  7  8 |
---------------+-------------------------+-----
Stealth        | 3 4 5 7 |  7.4
Dodging        | 3 4 5 6 |  6.7
Conjurations   | 2 3 4 5 |  5.8
Fire Magic     | 4 5 6 |  6.7
Spellcasting   | 4 5 6 7 |  7.5

Action                     |  1- 3 |  4- 6 |  7- 9 || total
---------------------------+-------+-------+-------++-------
  Melee: Unarmed           |     6 |     9 |     5 ||    20
   Cast: Foxfire           |   142 |   159 |   220 ||   521
         Scorch            |       |     6 |    30 ||    36
    Use: Scroll            |     2 |       |     8 ||    10
         Potion            |       |       |     5 ||     5
 Armour: Robe              |    10 |     7 |    44 ||    61
  Dodge: Dodged            |    11 |    10 |    50 ||    71
